 Dungeon Sprint DCSS version 0.28-a0-1382-g92835e5c71 (webtiles) character file.

Game seed: 17423450799349269297

5734 mhtbhm the Bludgeoner (level 10, 0/77 HPs)
             Began as a Gargoyle Berserker on Jan 1, 2022.
             Was the Champion of Trog.
             Slain by Urug (20 damage)
             ... in the Dungeon (Sprint III: "The Ten Rune Challenge").
             The game lasted 00:02:37 (2622 turns).

mhtbhm the Bludgeoner (Gargoyle Berserker)          Turns: 2622, Time: 00:02:37

Health: 0/77       AC: 10    Str: 26    XL:     10   Next: 77%
Magic:  10/10      EV: 14    Int:  7    God:    Trog [******]
Gold:   25         SH:  0    Dex:  9    Spells: 9/9 levels left

rFire   . . .      SeeInvis .   a - +3 great mace
rCold   . . .      Faith    .   (shield currently unavailable)
rNeg    + . .      Spirit   .   b - +1 robe {Will+}
rPois   ∞          Reflect  .   (helmet restricted)
rElec   +          Harm     .   (no cloak)
rCorr   .          Rampage  .   (no gloves)
Will    +....      NoTele   +   (no boots)
Stlth   +++.......              (no amulet)
HPRegen 0.22/turn               (no ring)
MPRegen 0.12/turn               (no ring)

@: no status effects
A: sickness immunity, AC +7, negative energy resistance 1, electricity
resistance, torment resistance 1, petrification resistance, antennae 1, fangs 1
a: Renounce Religion, Berserk, Trog's Hand, Brothers in Arms


You were in the Dungeon.
You worshipped Trog.
Trog was exalted by your worship.
You visited 1 branch You collected 25 gold pieces.

Inventory:

Hand Weapons
 a - a +3 great mace (weapon)
Missiles
 i - 21 poisoned darts (quivered)
Armour
 b - a +1 robe of willpower (worn)
Wands
 o - a wand of flame (21)
Scrolls
 h - a scroll of blinking
 j - a scroll of torment {unknown}
 k - 4 scrolls of identify
 m - a scroll of holy word {unknown}
Potions
 c - a potion of curing
 d - a potion of heal wounds
 e - a potion of haste
 f - 2 potions of magic
 g - a potion of berserk rage
 l - 4 potions of flight
 n - 6 potions of mutation
Miscellaneous
 p - a tin of tremorstones (2/2)


   Skills:
 + Level 15.4 Fighting
 + Level 17.3 Maces & Flails
 + Level 0.3 Throwing
 + Level 5.7 Armour
 + Level 8.8 Dodging
 + Level 5.2 Stealth


You had 9 spell levels left.
You didn't know any spells.
Your spell library was empty.

Dungeon Overview and Level Annotations

Branches:
Dungeon (1/1)

Altars:
Cheibriados
Dithmenos
Elyvilon
Fedhas
Gozag
Hepliaklqana
Kikubaaqudgha
Makhleb
Nemelex Xobeh
Okawaru
Qazlal
Ru
Sif Muna
Trog
Uskayaw
Vehumet
Wu Jian
Xom
Yredelemnul
Zin
The Shining One
Beogh
Jiyva
Lugonu

Annotations:
D Urug


Innate Abilities, Weirdness & Mutations

You are immune to sickness and miasma.
Your stone body is resilient. (AC +7)
You are immune to poison.
You resist negative energy. (rN+)
You are resistant to electric shocks. (rElec)
You are resistant to unholy torment.
You are immune to petrification.
You have a pair of small antennae on your head.
You have very sharp teeth.


Message History

A redback comes into view.
The helpless redback fails to defend itself.
You bludgeon the redback!!
The redback is almost dead.
The redback bites you!
Unknown command.
You miss the redback.
The redback is almost dead.
The redback bites you but does no damage.
A redback is nearby!
You barely miss the redback.
The redback is severely wounded.
The redback bites you! x2
You barely miss the redback.
The redback is severely wounded.
The redback bites you.
You sock the redback!
You kill the redback!
Trog accepts your kill.
You start resting.
You sense a monster nearby.
You start resting.
HP restored.
Urug the Orcish Ballista comes into view.
She is wielding a +1 demon trident of venom and carrying a wand of iceblast (8).
Urug hits you from afar with a +1 demon trident of venom!
You see here a redback corpse.
Urug hits you with a +1 demon trident of venom!
You sock Urug!
Urug is lightly wounded.
Urug hits you with a +1 demon trident of venom!!
You sock Urug!
Urug is heavily wounded.
You hit Urug.
Urug is heavily wounded.
Urug hits you with a +1 demon trident of venom.
* * * LOW HITPOINT WARNING * * *
You hit Urug.
Urug is heavily wounded.
Urug hits you with a +1 demon trident of venom!!
You die...

♣♣≈≈≈........≈≈≈...##.#
+♣♣'♣≈≈≈≈≈≈≈≈≈≈≈≈♣♣..'.#.
{#.≈♣♣♣♣♣♣♣♣♣♣♣♣♣♣♣♣..##.#
#.)♣♣ ♣♣♣##+# ###'♣♣♣♣♣
♣♣♣♣.##..## ♣...##.##.#
♣♣.##†##†##+ ♣..#.##.@.#
♣♣.##.##.o# ♣♣.##.#####
♣.....# #######


You could see Urug.

Vanquished Creatures
  Josephine (D)
  A centaur warrior (D)
  A lindwurm (D)
  A deep elf pyromancer (D)
  An unseen horror (D)
  2 cane toads (D)
  A komodo dragon (D)
  2 tyrant leeches (D)
  3 wandering mushrooms (D)
  A shadow (D)
  3 redbacks (D)
  A spatial vortex (D)
  A necrophage (D)
  2 centaurs (D)
  An earth elemental (D)
  A water elemental (D)
  A scorpion (D)
  A jelly (D)
  A wizard (D)
  Jessica (D)
  A necromancer (D)
  3 humans (D)
  A kobold demonologist (D)
  3 rats (D)
35 creatures vanquished.

Vanquished Creatures (others)
  A hydra (D)
  A ballistomycete spore (D)
  2 plants (D)
4 creatures vanquished.

Grand Total: 39 creatures vanquished

Notes
Turn   | Place    | Note
-------+----------+-------------------------------------------
     0 | D        | mhtbhm the Gargoyle Berserker began the quest for the Orb.
     0 | D        | Reached XP level 1. HP: 14/14 MP: 1/1
    29 | D        | Reached ** piety under Trog
    43 | D        | Noticed Jessica
    47 | D        | Killed Jessica
    48 | D        | Reached skill level 5 in Fighting
    48 | D        | Reached skill level 4 in Maces & Flails
    48 | D        | Reached XP level 2. HP: 21/21 MP: 2/2
    48 | D        | Reached XP level 3. HP: 26/26 MP: 3/3
   180 | D        | Reached skill level 5 in Maces & Flails
   227 | D        | Noticed a scorpion
   237 | D        | Killed a scorpion
   237 | D        | Reached *** piety under Trog
   238 | D        | Reached skill level 6 in Maces & Flails
   238 | D        | Reached XP level 4. HP: 12/32 MP: 4/4
   388 | D        | Gained mutation: You have very sharp teeth. [potion of
                  | mutation]
   388 | D        | Gained mutation: You have a pair of small antennae on your
                  | head. [potion of mutation]
   436 | D        | Noticed a water elemental
   440 | D        | Killed a water elemental
   441 | D        | Reached skill level 7 in Maces & Flails
   441 | D        | Reached XP level 5. HP: 38/38 MP: 5/5
   498 | D        | Found a basalt altar of Yredelemnul.
   498 | D        | Found a shadowy altar of Dithmenos.
   498 | D        | Found a sacrificial altar of Ru.
   498 | D        | Noticed a necrophage
   516 | D        | Killed a necrophage
   517 | D        | Reached skill level 8 in Maces & Flails
   517 | D        | Reached XP level 6. HP: 12/45 MP: 6/6
   745 | D        | Found a glowing silver altar of Zin.
   745 | D        | Found a glowing golden altar of the Shining One.
   745 | D        | Found a white marble altar of Elyvilon.
   746 | D        | Noticed a deep elf pyromancer
   747 | D        | Noticed a fire elemental
   757 | D        | Killed a deep elf pyromancer
   757 | D        | Reached **** piety under Trog
   758 | D        | Reached skill level 10 in Fighting
   758 | D        | Reached skill level 11 in Maces & Flails
   758 | D        | Reached skill level 5 in Armour
   758 | D        | Reached skill level 5 in Dodging
   758 | D        | Reached XP level 7. HP: 45/53 MP: 7/7
   877 | D        | Found a radiant altar of Vehumet.
   877 | D        | Found a shimmering blue altar of Sif Muna.
   877 | D        | Found an ancient bone altar of Kikubaaqudgha.
   883 | D        | Reached ***** piety under Trog
   898 | D        | Found a hide-covered altar of Uskayaw.
   898 | D        | Found an iron altar of Okawaru.
   898 | D        | Found a bloodstained altar of Trog.
   898 | D        | Found an ornate altar of the Wu Jian Council.
   898 | D        | Noticed a human
   903 | D        | Noticed a human
   906 | D        | Killed a human
   907 | D        | Reached XP level 8. HP: 60/60 MP: 8/8
   914 | D        | Reached skill level 12 in Maces & Flails
   965 | D        | Noticed a shadow
   987 | D        | Killed a shadow
  1047 | D        | Found a blossoming altar of Fedhas.
  1047 | D        | Found a stormy altar of Qazlal.
  1047 | D        | Found a snail-covered altar of Cheibriados.
  1047 | D        | Found a burning altar of Makhleb.
  1047 | D        | Found a shimmering altar of Xom.
  1048 | D        | Found a hazy altar of Hepliaklqana.
  1048 | D        | Found an opulent altar of Gozag.
  1048 | D        | Found a sparkling altar of Nemelex Xobeh.
  1048 | D        | Found a corrupted altar of Lugonu.
  1048 | D        | Found a viscous altar of Jiyva.
  1058 | D        | Reached skill level 1 in Stealth
  1109 | D        | Noticed Josephine
  1124 | D        | Killed Josephine
  1125 | D        | Reached skill level 14 in Maces & Flails
  1125 | D        | Reached XP level 9. HP: 34/67 MP: 9/9
  1385 | D        | Noticed a centaur warrior
  1390 | D        | Killed a centaur warrior
  1391 | D        | Reached skill level 15 in Maces & Flails
  1393 | D        | Reached ****** piety under Trog
  1521 | D        | Killed an unseen horror
  1521 | D        | Received a gift from Trog
  1808 | D        | Noticed a wandering mushroom
  1813 | D        | Noticed a wandering mushroom
  1815 | D        | Noticed a wandering mushroom
  1821 | D        | Killed a wandering mushroom
  1829 | D        | Killed a wandering mushroom
  1830 | D        | Reached XP level 10. HP: 55/75 MP: 10/10
  1835 | D        | Reached skill level 16 in Maces & Flails
  1840 | D        | Noticed a cane toad
  1840 | D        | Noticed a cane toad
  1843 | D        | Killed a cane toad
  1845 | D        | Killed a cane toad
  2066 | D        | Received a gift from Trog
  2079 | D        | Reached skill level 15 in Fighting
  2297 | D        | Reached skill level 17 in Maces & Flails
  2368 | D        | Killed a four-headed hydra
  2414 | D        | Noticed a lindwurm
  2420 | D        | Killed a lindwurm
  2421 | D        | Reached skill level 5 in Stealth
  2617 | D        | Noticed Urug
  2622 | D        | Slain by Urug

Illustrated notes

Levels and vault maps discovered:
D:        dungeon_sprint_mu [sprint_mu_entry_cave, sprint_mu_temple_rooms,
          sprint_mu_d1_horrors, sprint_mu_d2_genie, sprint_mu_d3_branching,
          sprint_mu_orc_legion, sprint_mu_elf_gauntlet, sprint_mu_hive_nellie,
          sprint_mu_lair_fedhas, sprint_mu_vaults_butterflies,
          sprint_mu_slime_circle, sprint_mu_swamp_cave, sprint_mu_shoals_kraken,
          sprint_mu_blade_basic, sprint_mu_crypt_chambers,
          sprint_mu_tomb_spiral, sprint_mu_vestibule_basic,
          sprint_mu_gehenna_hellfire, sprint_mu_dis_giant,
          sprint_mu_tartarus_statrot, sprint_mu_cocytus_islands, sprint_mu_zot1]

Skill      XL: |  1  2  3  4  5  6  7  8  9 10 |
---------------+-------------------------------+-----
Fighting       | 5 6 7 8 10 11 12 14 15 | 15.4
Maces & Flails | 4 6 7 8 11 14 15 17 | 17.3
Dodging        | 2 3 4 5 6 7 8 |  8.8
Armour         | 3 4 5 |  5.7
Stealth        | 2 3 5 |  5.2
Throwing       | |  0.3

Action                   |  1- 3 |  4- 6 |  7- 9 | 10-12 || total
-------------------------+-------+-------+-------+-------++-------
Melee: Mace              |    24 |    31 |    86 |       ||   141
       Bite              |       |     3 |    15 |     3 ||    21
       Great mace        |       |       |    10 |    51 ||    61
Throw: Dart              |     1 |       |       |       ||     1
Invok: Berserk           |     1 |     2 |     5 |     1 ||     9
  Use: Potion            |       |     1 |       |       ||     1
 Stab: Sleeping          |       |       |       |     3 ||     3
Armor: Animal skin       |     2 |       |       |       ||     2
       Robe              |     3 |     5 |    29 |     2 ||    39
Dodge: Dodged            |    12 |    11 |    33 |    13 ||    69

Table legend: (Time is in decaauts)
 A = Elapsed time spent in this place.
 B = Non-inter-level travel time spent in this place.
 C = Inter-level travel time spent in this place.
 D = Time resting spent in this place.
 E = Time spent auto-exploring this place.
 F = Levels seen in this place.
 G = Mean time per level.
                   A        B        C        D        E       F      G
               +--------+--------+--------+--------+--------+-----+--------+
         Total |   2680 |   2680 |      0 |   2186 |     13 |   1 | 2680.0 |
       Dungeon |   2680 |   2680 |      0 |   2186 |     13 |   1 | 2680.0 |
               +--------+--------+--------+--------+--------+-----+--------+

Top non-repeatable levels by time:
       D: 2680 daAuts
